| TOP OF THE 1ST |
|
Washington (APP) Nationals batting - Pitching for Bristol Pirates : LHP Tommy Tallent
|
|
Pitching: LHP Tommy Tallent
|
|
|
Batting: RHB Victor Rojas
|
0-0: Swinging Strike 0-1: Ball 1-1: Foul Ball, location: 2F 1-2: SINGLE (Groundball, 6MS, EV 74.4 MPH) (infield hit)
|
|
Batting: RHB Billy Williamson
|
0-0: Foul Ball, location: 2F 0-1: Foul Ball, location: 2F 0-2: Ball 1-2: Strikes out looking
|
|
Batting: RHB Armando Moreno
|
0-0: Ball Victor Rojas is caught stealing 2nd base 2-4 1-0: Called Strike 1-1: Called Strike 1-2: Strikes out looking
|
| Top of the 1st over - 0 runs, 1 hit, 0 errors, 0 left on base; Washington (APP) 0 - Bristol 0 |
| BOTTOM OF THE 1ST |
|
Bristol Pirates batting - Pitching for Washington (APP) Nationals : LHP Mark Ellis
|
|
Pitching: LHP Mark Ellis
|
|
|
Batting: RHB Matt Derrien
|
0-0: Called Strike 0-1: Ball 1-1: Foul Ball, location: 2F 1-2: Ball 2-2: Strikes out swinging
|
|
Batting: LHB Ernesto Gasca
|
0-0: Ball 1-0: Foul Ball, location: 2F 1-1: Foul Ball, location: 2F 1-2: Strikes out swinging
|
|
Batting: RHB Jon Solis
|
0-0: Called Strike 0-1: SINGLE (Groundball, 3D, EV 106.2 MPH)
|
|
Batting: SHB Juan Ayala
|
0-0: Ball 1-0: SINGLE (Popup, 6D, EV 72.5 MPH) Jon Solis to second
|
|
Batting: SHB Nathan Clement
|
0-0: Called Strike 0-1: Foul Ball, location: 2F 0-2: Strikes out swinging
|
| Bottom of the 1st over - 0 runs, 2 hits, 0 errors, 2 left on base; Washington (APP) 0 - Bristol 0 |
| TOP OF THE 2ND |
|
Washington (APP) Nationals batting - Pitching for Bristol Pirates : LHP Tommy Tallent
|
|
Batting: RHB Jose Ortiz
|
0-0: Called Strike 0-1: Swinging Strike 0-2: Ball 1-2: Strikes out looking
|
|
Batting: RHB Franklin Ortega
|
0-0: Foul Ball, location: 2F 0-1: Foul Ball, location: 2F 0-2: Foul Ball, location: 2F 0-2: Foul Ball, location: 2F 0-2: Ball 1-2: Ball 2-2: Ground out 6-3 (Groundball, 6, EV 92.5 MPH)
|
|
Batting: RHB Ivan Torres
|
0-0: Ball 1-0: Ball 2-0: Ball 3-0: Base on Balls
|
|
Batting: RHB Steve Boice
|
0-0: Ball 1-0: Ball 2-0: Ball 3-0: Called Strike 3-1: Base on Balls Ivan Torres to second
|
|
Batting: RHB Alex Gonzalez
|
0-0: Ball 1-0: Ball 2-0: Called Strike 2-1: Foul Ball, location: 2F 2-2: Foul Ball, location: 2F 2-2: Hit by Pitch Ivan Torres to third Steve Boice to second
|
|
Batting: RHB Jason Curry
|
0-0: Called Strike 0-1: DOUBLE (Line Drive, 89D, EV 101.2 MPH) Ivan Torres scores Steve Boice scores Alex Gonzalez to third Runner from 3rd tries for Home, SAFE, no throw by RF
|
|
Batting: RHB Victor Rojas
|
0-0: Swinging Strike 0-1: Swinging Strike 0-2: Fly out, F8 (Flyball, 8LM, EV 90.0 MPH)
|
| Top of the 2nd over - 3 runs, 1 hit, 0 errors, 1 left on base; Washington (APP) 3 - Bristol 0 |
| BOTTOM OF THE 2ND |
|
Bristol Pirates batting - Pitching for Washington (APP) Nationals : LHP Mark Ellis
|
|
Batting: LHB Sun-wei Kuai
|
0-0: Called Strike 0-1: Fly out, F8 (Flyball, 8LD, EV 99.4 MPH)
|
|
Batting: LHB Tommie Benefield
|
0-0: Swinging Strike 0-1: Swinging Strike 0-2: Ball 1-2: Ball 2-2: Strikes out swinging
|
|
Batting: RHB Zachery Loomis
|
0-0: Ball 1-0: Ball 2-0: Ground out 6-3 (Groundball, 6, EV 82.5 MPH)
|
| Bottom of the 2nd over - 0 runs, 0 hits, 0 errors, 0 left on base; Washington (APP) 3 - Bristol 0 |
| TOP OF THE 3RD |
|
Washington (APP) Nationals batting - Pitching for Bristol Pirates : LHP Tommy Tallent
|
|
Batting: RHB Billy Williamson
|
0-0: Ball 1-0: Called Strike 1-1: Ball 2-1: Foul Ball, location: 2F 2-2: Ball 3-2: Fly out, F7 (Flyball, 7, EV 91.2 MPH)
|
|
Batting: RHB Armando Moreno
|
0-0: Ball 1-0: Ball 2-0: Ball 3-0: Called Strike 3-1: Base on Balls
|
|
Batting: RHB Jose Ortiz
|
0-0: Called Strike 0-1: Called Strike 0-2: Ball 1-2: Ball 2-2: Fielders Choice at 2nd, 4-6 (Groundball, 34, EV 91.9 MPH)
|
|
Batting: RHB Franklin Ortega
|
0-0: Called Strike 0-1: Ball 1-1: Fly out, F8 (Flyball, 8RD, EV 84.4 MPH)
|
| Top of the 3rd over - 0 runs, 0 hits, 0 errors, 1 left on base; Washington (APP) 3 - Bristol 0 |
| BOTTOM OF THE 3RD |
|
Bristol Pirates batting - Pitching for Washington (APP) Nationals : LHP Mark Ellis
|
|
Batting: RHB Brian Brewster
|
0-0: Ball 1-0: Ball 2-0: Ground out 1-3 (Groundball, 34S, EV 71.9 MPH)
|
|
Batting: RHB Matt Derrien
|
0-0: Foul Ball, location: 2F 0-1: Ball 1-1: Ball 2-1: DOUBLE (Groundball, 5L, EV 95.0 MPH)
|
|
Batting: LHB Ernesto Gasca
|
0-0: Ball 1-0: Ball 2-0: Ball 3-0: Base on Balls
|
|
Batting: RHB Jon Solis
|
0-0: Ball 1-0: Foul Ball, location: 2F 1-1: Swinging Strike 1-2: Ball 2-2: Ball 3-2: Grounds into double play, 6-4-3 (Groundball, 6, EV 83.8 MPH)
|
| Bottom of the 3rd over - 0 runs, 1 hit, 0 errors, 1 left on base; Washington (APP) 3 - Bristol 0 |
| TOP OF THE 4TH |
|
Washington (APP) Nationals batting - Pitching for Bristol Pirates : LHP Tommy Tallent
|
|
Batting: RHB Ivan Torres
|
0-0: Called Strike 0-1: Called Strike 0-2: Ball 1-2: Foul Ball, location: 2F 1-2: Ball 2-2: SINGLE (Groundball, 6MS, EV 70.6 MPH) (infield hit)
|
|
Batting: RHB Steve Boice
|
0-0: Ball 1-0: Ball 2-0: Ball 3-0: Base on Balls Ivan Torres to second
|
|
Batting: RHB Alex Gonzalez
|
0-0: Ball 1-0: Ball Wild Pitch! Ivan Torres to third Steve Boice to second 2-0: Called Strike 2-1: Called Strike 2-2: Ball 3-2: Strikes out swinging
|
|
Batting: RHB Jason Curry
|
0-0: Called Strike 0-1: Ball 1-1: Foul Ball, location: 2F 1-2: Ground out 4-3 (Groundball, 4, EV 98.1 MPH)
|
|
Pitching: LHP Francisco Mendoza
|
|
|
Batting: RHB Victor Rojas
|
0-0: 3-RUN HOME RUN (Flyball, 7D, EV 101.2 MPH), Distance : 387 ft
|
|
Batting: RHB Billy Williamson
|
0-0: Called Strike 0-1: Called Strike 0-2: Foul Ball, location: 2F 0-2: Foul Ball, location: 2F 0-2: Strikes out swinging
|
| Top of the 4th over - 3 runs, 2 hits, 0 errors, 0 left on base; Washington (APP) 6 - Bristol 0 |
| BOTTOM OF THE 4TH |
|
Bristol Pirates batting - Pitching for Washington (APP) Nationals : LHP Mark Ellis
|
|
Batting: SHB Juan Ayala
|
0-0: Ball 1-0: Fly out, F8 (Flyball, 8RXD, EV 105.0 MPH)
|
|
Batting: SHB Nathan Clement
|
0-0: Ball 1-0: Ball 2-0: Swinging Strike 2-1: Swinging Strike 2-2: SINGLE (Groundball, 6MD, EV 102.5 MPH) (infield hit)
|
|
Batting: LHB Sun-wei Kuai
|
0-0: Ball 1-0: Ball 2-0: Ball 3-0: Base on Balls Nathan Clement to second
|
|
Batting: LHB Tommie Benefield
|
0-0: Ball 1-0: Ball 2-0: Ball 3-0: Called Strike 3-1: Called Strike 3-2: Fielders Choice at 2nd, 5-4 (Groundball, 5, EV 89.4 MPH) Nathan Clement to third
|
|
Batting: RHB Zachery Loomis
|
0-0: Called Strike 0-1: Ball 1-1: Called Strike 1-2: Foul Ball, location: 2F 1-2: Ball 2-2: Ball 3-2: Base on Balls Tommie Benefield to second
|
|
Batting: RHB Brian Brewster
|
0-0: Called Strike 0-1: Swinging Strike 0-2: Ball 1-2: Strikes out looking
|
| Bottom of the 4th over - 0 runs, 1 hit, 0 errors, 3 left on base; Washington (APP) 6 - Bristol 0 |
| TOP OF THE 5TH |
|
Washington (APP) Nationals batting - Pitching for Bristol Pirates : LHP Francisco Mendoza
|
|
Batting: RHB Armando Moreno
|
0-0: Foul Ball, location: 2F 0-1: Called Strike 0-2: Foul Ball, location: 2F 0-2: Strikes out swinging
|
|
Batting: RHB Jose Ortiz
|
0-0: Ground out 6-3 (Groundball, 6, EV 108.1 MPH)
|
|
Batting: RHB Franklin Ortega
|
0-0: Ball 1-0: Foul Ball, location: 2F 1-1: Fly out, F9 (Flyball, 89S, EV 73.8 MPH)
|
| Top of the 5th over - 0 runs, 0 hits, 0 errors, 0 left on base; Washington (APP) 6 - Bristol 0 |
| BOTTOM OF THE 5TH |
|
Bristol Pirates batting - Pitching for Washington (APP) Nationals : LHP Mark Ellis
|
|
Batting: RHB Matt Derrien
|
0-0: Ball 1-0: Swinging Strike 1-1: Swinging Strike 1-2: Strikes out swinging
|
|
Pitching: RHP Faradur Bhutani
|
|
|
Batting: LHB Ernesto Gasca
|
0-0: Ball 1-0: DOUBLE (Line Drive, 78D, EV 104.4 MPH)
|
|
Batting: RHB Jon Solis
|
0-0: Ball 1-0: Foul Ball, location: 2F 1-1: Ball Passed Ball! Ernesto Gasca to third 2-1: Foul Ball, location: 2F 2-2: Ball 3-2: Ground out 6-3 (Groundball, 6, EV 102.5 MPH) Ernesto Gasca scores
|
|
Batting: SHB Juan Ayala
|
0-0: Called Strike 0-1: Ball 1-1: Called Strike 1-2: Strikes out swinging
|
| Bottom of the 5th over - 1 run, 1 hit, 0 errors, 0 left on base; Washington (APP) 6 - Bristol 1 |
| TOP OF THE 6TH |
|
Washington (APP) Nationals batting - Pitching for Bristol Pirates : LHP Francisco Mendoza
|
|
Batting: RHB Ivan Torres
|
0-0: Ball 1-0: Called Strike 1-1: Ground out 1-3 (Groundball, 13S, EV 68.8 MPH)
|
|
Batting: RHB Steve Boice
|
0-0: Ball 1-0: Ball 2-0: Foul Ball, location: 2F 2-1: Called Strike 2-2: Foul Ball, location: 2F 2-2: Strikes out looking
|
|
Batting: RHB Alex Gonzalez
|
0-0: Ground out 6-3 (Groundball, 6D, EV 105.6 MPH)
|
| Top of the 6th over - 0 runs, 0 hits, 0 errors, 0 left on base; Washington (APP) 6 - Bristol 1 |
| BOTTOM OF THE 6TH |
|
Bristol Pirates batting - Pitching for Washington (APP) Nationals : RHP Faradur Bhutani
|
|
Batting: SHB Nathan Clement
|
0-0: Called Strike 0-1: Foul Ball, location: 2F 0-2: Foul Ball, location: 2F 0-2: Fly out, F3 (Popup, 34S, EV 66.9 MPH)
|
|
Batting: LHB Sun-wei Kuai
|
0-0: Ground out 5-3 (Groundball, 56, EV 80.6 MPH)
|
|
Batting: LHB Tommie Benefield
|
0-0: Foul Ball, location: 2F 0-1: Swinging Strike 0-2: Strikes out looking
|
| Bottom of the 6th over - 0 runs, 0 hits, 0 errors, 0 left on base; Washington (APP) 6 - Bristol 1 |
| TOP OF THE 7TH |
|
Washington (APP) Nationals batting - Pitching for Bristol Pirates : LHP Francisco Mendoza
|
|
Batting: RHB Jason Curry
|
0-0: Called Strike 0-1: Called Strike 0-2: Ball 1-2: Strikes out swinging
|
|
Batting: RHB Victor Rojas
|
0-0: Called Strike 0-1: Foul Ball, location: 2F 0-2: Ball 1-2: DOUBLE (Line Drive, 9LS, EV 98.1 MPH)
|
|
Batting: RHB Billy Williamson
|
0-0: Foul Ball, location: 2F 0-1: Ball 1-1: Foul Ball, location: 2F 1-2: Ground out 2-3 (Groundball, 2L, EV 70.6 MPH) Victor Rojas to third
|
|
Batting: RHB Armando Moreno
|
0-0: Swinging Strike 0-1: Called Strike 0-2: Strikes out swinging
|
| Top of the 7th over - 0 runs, 1 hit, 0 errors, 1 left on base; Washington (APP) 6 - Bristol 1 |
| BOTTOM OF THE 7TH |
|
Bristol Pirates batting - Pitching for Washington (APP) Nationals : RHP Faradur Bhutani
|
|
Pinch Hitting: SHB Jiong Qi
|
0-0: Fly out, F7 (Flyball, 8LS, EV 93.1 MPH)
|
|
Pinch Hitting: LHB Damien Cohen
|
0-0: Ball 1-0: Called Strike 1-1: Called Strike 1-2: SOLO HOME RUN (Flyball, 7D, EV 98.8 MPH), Distance : 380 ft
|
|
Batting: RHB Matt Derrien
|
0-0: Ball 1-0: Swinging Strike 1-1: SINGLE (Groundball, 56D, EV 106.9 MPH)
|
|
Batting: LHB Ernesto Gasca
|
0-0: Fielders Choice at 2nd, 3-6 (Groundball, 3, EV 88.1 MPH)
|
|
Batting: RHB Jon Solis
|
0-0: Ball 1-0: Called Strike 1-1: Called Strike 1-2: Ball 2-2: Ball 3-2: Strikes out swinging
|
| Bottom of the 7th over - 1 run, 2 hits, 0 errors, 1 left on base; Washington (APP) 6 - Bristol 2 |
| TOP OF THE 8TH |
|
Washington (APP) Nationals batting - Pitching for Bristol Pirates : LHP Francisco Mendoza
|
|
Now at SS: Jason Rhodes
|
|
|
Now in CF: Ryan Thurston
|
|
|
Batting: RHB Jose Ortiz
|
0-0: Ball 1-0: Fly out, F8 (Line Drive, 89M, EV 90.6 MPH)
|
|
Batting: RHB Franklin Ortega
|
0-0: Ball 1-0: Fly out, F8 (Flyball, 78M, EV 74.4 MPH)
|
|
Batting: RHB Ivan Torres
|
0-0: Ball 1-0: SINGLE (Groundball, 6, EV 96.2 MPH)
|
|
Batting: RHB Steve Boice
|
0-0: Ball 1-0: Called Strike 1-1: Called Strike 1-2: Ball 2-2: Strikes out swinging
|
| Top of the 8th over - 0 runs, 1 hit, 0 errors, 1 left on base; Washington (APP) 6 - Bristol 2 |
| BOTTOM OF THE 8TH |
|
Bristol Pirates batting - Pitching for Washington (APP) Nationals : RHP Faradur Bhutani
|
|
Batting: SHB Juan Ayala
|
0-0: Ball 1-0: Ball 2-0: DOUBLE (Groundball, 3L, EV 93.8 MPH)
|
|
Batting: SHB Nathan Clement
|
0-0: Ball 1-0: Ball 2-0: Foul Ball, location: 2F 2-1: Ball 3-1: Base on Balls
|
|
Pitching: RHP Cody Hadden
|
|
|
Batting: LHB Sun-wei Kuai
|
0-0: Foul Ball, location: 2F 0-1: Called Strike 0-2: Ball 1-2: SINGLE (Groundball, 34, EV 101.2 MPH) Juan Ayala to third Nathan Clement to second
|
|
Pinch Hitting: RHB Oscar Mora
|
0-0: Foul Ball, location: 2F 0-1: Swinging Strike 0-2: Ball 1-2: Fly out, F9 (Flyball, 9D, EV 105.0 MPH)
|
|
Batting: RHB Jason Rhodes
|
0-0: SINGLE (Line Drive, 56, EV 96.2 MPH) Juan Ayala scores Nathan Clement to third Sun-wei Kuai to second
|
|
Batting: RHB Ryan Thurston
|
0-0: Called Strike 0-1: Ball 1-1: Swinging Strike 1-2: Strikes out swinging
|
|
Batting: RHB Matt Derrien
|
0-0: Called Strike 0-1: Foul Ball, location: 2F 0-2: Ball 1-2: Ball Wild Pitch! Nathan Clement scores Sun-wei Kuai to third Jason Rhodes to second 2-2: Strikes out swinging
|
| Bottom of the 8th over - 2 runs, 3 hits, 0 errors, 2 left on base; Washington (APP) 6 - Bristol 4 |
| TOP OF THE 9TH |
|
Washington (APP) Nationals batting - Pitching for Bristol Pirates : LHP Francisco Mendoza
|
|
Now in RF: Dustin Hamblin
|
|
|
Batting: RHB Alex Gonzalez
|
0-0: Ball 1-0: Ball 2-0: SOLO HOME RUN (Flyball, 7D, EV 98.1 MPH), Distance : 382 ft
|
|
Batting: RHB Jason Curry
|
0-0: Swinging Strike 0-1: Swinging Strike 0-2: Strikes out looking
|
|
Batting: RHB Victor Rojas
|
0-0: Foul Ball, location: 2F 0-1: Ball 1-1: Ball 2-1: Ball 3-1: Called Strike 3-2: DOUBLE (Line Drive, 5D, EV 98.1 MPH)
|
|
Pitching: LHP Ighlas Kumbuka
|
|
|
Batting: RHB Billy Williamson
|
0-0: Ball 1-0: Swinging Strike 1-1: Fly out, F9 (Line Drive, 9, EV 106.9 MPH)
|
|
Batting: RHB Armando Moreno
|
0-0: Ball 1-0: Swinging Strike 1-1: Called Strike 1-2: Ball 2-2: Foul Ball, location: 2F 2-2: Ground out 6-3 (Groundball, 6S, EV 88.1 MPH)
|
| Top of the 9th over - 1 run, 2 hits, 0 errors, 1 left on base; Washington (APP) 7 - Bristol 4 |
| BOTTOM OF THE 9TH |
|
Bristol Pirates batting - Pitching for Washington (APP) Nationals : RHP Cody Hadden
|
|
Pitching: RHP Kareem Linz
|
|
|
Batting: LHB Ernesto Gasca
|
0-0: Called Strike 0-1: Ball 1-1: SOLO HOME RUN (Flyball, 7LD, EV 91.9 MPH), Distance : 345 ft
|
|
Batting: RHB Jon Solis
|
0-0: Called Strike 0-1: Swinging Strike 0-2: Ball 1-2: Ball 2-2: Foul Ball, location: 2F 2-2: SOLO HOME RUN (Flyball, 9D, EV 94.4 MPH), Distance : 354 ft
|
|
Batting: SHB Juan Ayala
|
0-0: Foul Ball, location: 2F 0-1: Ground out 4-3 (Groundball, 4S, EV 87.5 MPH)
|
|
Batting: SHB Nathan Clement
|
0-0: Fly out, F9 (Flyball, 89M, EV 92.5 MPH)
|
|
Batting: LHB Sun-wei Kuai
|
0-0: Ball 1-0: Ball 2-0: Ball 3-0: Base on Balls
|
|
Pinch Hitting: RHB Oscar Munoz
|
0-0: Ball 1-0: Called Strike 1-1: Called Strike 1-2: Strikes out swinging
|
| Bottom of the 9th over - 2 runs, 2 hits, 0 errors, 1 left on base; Washington (APP) 7 - Bristol 6 |
|